 Dungeon Crawl Stone Soup version 0.30-a0-135-g630cfc4551 (webtiles) character file.

Game seed: 10152618679135208839

2 LnG the Caller (level 1, -2/10 HPs)
             Began as a Kobold Summoner on Sept 20, 2022.
             Slain by a jackal (3 damage)
             ... on level 1 of the Dungeon.
             The game lasted 00:01:37 (253 turns).

LnG the Caller (Kobold Summoner)                     Turns: 253, Time: 00:01:38

Health: -2/10      AC:  2    Str:  5    XL:     1   Next: 44%
Magic:  0/3        EV: 15    Int: 16    God:
Gold:   8          SH:  0    Dex: 15    Spells: 3/4 levels left

rFire   . . .      SeeInvis .    (weapon restricted)
rCold   . . .      Faith    .    (no shield)
rNeg    . . .      Spirit   .    a - +0 robe
rPois   .          Reflect  .    (no helmet)
rElec   .          Harm     .    (no cloak)
rCorr   .          Rampage  .    (no gloves)
Will    .....                    (no boots)
Stlth   +++.......               (no amulet)
HPRegen 0.03/turn                (no ring)
MPRegen 0.08/turn                (no ring)

@: no status effects
A: small, no large weapons, nightstalker 3
a: no special abilities


You were on level 1 of the Dungeon.
You visited 1 branch of the dungeon, and saw 1 of its levels.

You collected 8 gold pieces.

Inventory:

Armour
 a - a +0 robe (worn)
Potions
 b - a potion of magic
 c - a potion of cancellation {unknown}
 d - a potion of berserk rage {unknown}


   Skills:
 + Level 2.4 Dodging
 + Level 2.6 Stealth
 + Level 2.2 Spellcasting
 + Level 4.1 Summonings


You had 3 spell levels left.
You knew the following spells:

 Your Spells              Type           Power      Damage    Failure   Level
a - Summon Small Mammal   Summ           56%        N/A       3%          1

Your spell library contained the following spells:

 Spells                   Type           Power      Damage    Failure   Level
 Call Imp                 Summ           14%        N/A       5%          2
 Call Canine Familiar     Summ           14%        N/A       11%         3
 Summon Guardian Golem    Hex/Summ       8%         N/A       26%         3
 Summon Lightning Spire   Summ/Air       8%         N/A       65%         4


Dungeon Overview and Level Annotations

Branches:
Dungeon (1/15)

Altars:

Shops:
D:1 :


Innate Abilities, Weirdness & Mutations

You are small and have problems with some larger weapons.
You are completely attuned to the shadows.


Message History

Your quokka closely misses the jackal.
The jackal closely misses you. The jackal barely misses you.
A jackal comes into view.
Your quokka barely misses the jackal.
The hobgoblin misses your quokka. The rat bites your quokka.
The jackal barely misses you.
Your quokka barely misses the jackal.
The jackal barely misses you. The rat barely misses your quokka.
The hobgoblin hits your quokka but does no damage.
The jackal misses you.
There is a fountain of clear blue water here.
The jackal bites you but does no damage.
Your quokka bites the hobgoblin.
The rat bites your quokka. The hobgoblin misses your quokka.
The jackal attacks as you move away!
The jackal bites you but does no damage.
The jackal misses you. The jackal completely misses you.
The jackal barely misses you. The jackal attacks as you move away!
The jackal barely misses you. The jackal attacks as you move away!
The jackal bites you.
Your quokka barely misses the jackal.
The jackal attacks as you move away! The jackal misses you.
The jackal closely misses you. The rat bites your quokka.
The jackal barely misses you. The hobgoblin attacks as you move away!
The hobgoblin misses you. The jackal attacks as you move away!
The jackal bites you.
Your quokka bites the rat.
The rat dies!
The jackal attacks as you move away! The jackal barely misses you. x2
The jackal bites you.
Your quokka bites the hobgoblin.
You are too injured to fight recklessly!
You are too injured to fight recklessly!
You have nothing you can fire or use right now.
You aren't carrying any pieces of jewellery.
Casting: Summon Small Mammal (safe; 3% risk of failure)
Confirm with . or Enter, or press ? or * to list all spells.
The jackal barely misses you. The jackal completely misses you.
The jackal barely misses you. The jackal bites you.
* * * LOW HITPOINT WARNING * * *
The jackal bites you.
You die...

......⌠.⌠...##
.......∩.##..#
......rr⌠....#..
.....#..r#...#..#######
......##r#r.....#.....#
..........r..####.8.8.#
........###r.###..r8..#
..>........[.##...8.8.#
..#..#.†#.#g##.h@.....#
.##.....#K#h#.⌠hh.###.#
. ####.##.K.#..rg.#.'.#
#.####.'K.8..#<#.# ..
###.†...#.+.# ...
#.⌠.⌠.###.# ##........#
##...8.8.# ##...8..#


You could see 3 jackals, a hobgoblin, a kobold, a friendly quokka (summoned) and
a friendly rat (summoned).

Vanquished Creatures
  A giant cockroach (D:1)
1 creature vanquished.

Vanquished Creatures (collateral kills)
  2 rats (D:1)
2 creatures vanquished.

Grand Total: 3 creatures vanquished

Notes
Turn   | Place    | Note
-------+----------+-------------------------------------------
     0 | D:1      | LnG the Kobold Summoner began the quest for the Orb.
     0 | D:1      | Reached XP level 1. HP: 10/10 MP: 3/3
   213 | D:1      | Found Taune's Book Emporium.
   253 | D:1      | Slain by a jackal

Illustrated notes

Levels and vault maps discovered:
D:1:      ncdulo_halloftheorcs, layout_basic, serial_shops, shop_fountains,
          grunt_decor_arrowhead, serial_park_tiny_pond, minivault_11,
          minmay_lizard_king

Action                   || total
-------------------------++-------
Melee: Unarmed           ||    23
 Cast: Summon Small Mamm ||     7
Armor: Robe              ||    13
Dodge: Dodged            ||    60

Table legend: (Time is in decaauts)
 A = Elapsed time spent in this place.
 B = Non-inter-level travel time spent in this place.
 C = Inter-level travel time spent in this place.
 D = Time resting spent in this place.
 E = Time spent auto-exploring this place.
 F = Levels seen in this place.
 G = Mean time per level.
                   A        B        C        D        E       F      G
               +--------+--------+--------+--------+--------+-----+--------+
         Total |    253 |    253 |      0 |    110 |      0 |   1 |  253.0 |
       Dungeon |    253 |    253 |      0 |    110 |      0 |   1 |  253.0 |
               +--------+--------+--------+--------+--------+-----+--------+

Top non-repeatable levels by time:
     D:1: 253 daAuts
